 Dungeon Crawl Stone Soup version 0.27-a0-604-g29a88b33a7 (webtiles) character file.

Game seed: 4844173359433909754

108 PentaManta the Chopper (level 5, 0/35 HPs)
             Began as a Halfling Abyssal Knight on Mar 12, 2021.
             Was a Follower of Lugonu.
             Slain by an orc (1 damage)
             ... on level 5 of the Dungeon.
             The game lasted 00:03:38 (3178 turns).

PentaManta the Chopper (Halfling Abyssal Knight)    Turns: 3178, Time: 00:03:38

Health: 0/35       AC:  4    Str: 14    XL:     5   Next: 12%
Magic:  6/6        EV: 13    Int: 10    God:    Lugonu [*.....]
Gold:   112        SH:  0    Dex: 14    Spells: 4/4 levels left

rFire    . . .     SeeInvis .   h - +0 hunting sling
rCold    . . .     Faith    .   (shield restricted)
rNeg     . . .     Spirit   .   b - +0 leather armour
rPois    .         Reflect  .   (no helmet)
rElec    .         Harm     .   (no cloak)
rCorr    .         Rampage  .   (no gloves)
Will     .....                  p - +0 pair of boots
Stlth    +.........             (no amulet)
HPRegen  0.11/turn              (no ring)
MPRegen  0.10/turn              (no ring)

@: lethally poisoned (0 -> -4)
A: small, mutation resistance 1
a: Renounce Religion, Depart the Abyss


You were on level 5 of the Dungeon.
You worshipped Lugonu.
Lugonu was aware of your devotion.
You visited 1 branch of the dungeon, and saw 4 of its levels.
You visited the Abyss 1 time.

You collected 112 gold pieces.

Inventory:

Hand Weapons
 a - a +1 hand axe
 h - a +0 hunting sling (weapon)
 k - a +0 dagger
 n - a +0 whip
Missiles
 i - 59 stones (quivered ammo)
 l - 23 poisoned darts
 r - 49 sling bullets
Armour
 b - a +0 leather armour (worn)
 d - a +0 kite shield
 p - a +0 pair of boots (worn)
Jewellery
 c - an amulet of faith
Scrolls
 e - 2 scrolls of teleportation {unknown}
 f - 3 scrolls of identify {unknown}
 j - a scroll of amnesia {unknown}
 o - a scroll of magic mapping {unknown}
Potions
 g - 2 potions of degeneration {unknown}
 m - a potion of berserk rage {unknown}
 q - a potion of might {unknown}
 s - a potion of lignification {unknown}


   Skills:
 - Level 2.6 Fighting
 + Level 4.1 Axes
 * Level 3.5 Slings
 - Level 2.1 Armour
 - Level 1.1 Dodging
 - Level 2.0 Invocations


You had 4 spell levels left.
You didn't know any spells.
Your spell library was empty.

Dungeon Overview and Level Annotations

Branches:
Dungeon (3/15)

Altars:
Cheibriados
Nemelex Xobeh


Innate Abilities, Weirdness & Mutations

You are small and have problems with some larger weapons.
You are somewhat resistant to further mutation.


Message History

The orc barely misses you.
You shoot a stone. The stone hits the orc.
The orc is severely wounded.
The orc barely misses you. The orc closely misses you.
You shoot a stone. The stone hits the orc!
You kill the orc!
Lugonu accepts your kill. The orc hits you but does no damage.
The orc barely misses you.
You shoot a stone. The stone closely misses the adder.
The adder closely misses you. The orc hits you.
The orc hits you but does no damage. The adder closely misses you.
The orc barely misses you.
You shoot a stone. The stone closely misses the adder.
The orc hits you with a +0 club. The adder closely misses you.
The orc closely misses you.
You are too injured to fight recklessly!
You are too injured to fight recklessly!
You are too injured to fight recklessly!
You are too injured to fight recklessly!
There are monsters nearby!
The adder bites you but does no damage. The orc hits you with a +0 club.
The orc barely misses you. The adder misses you. The orc completely misses you.
The adder bites you. The orc hits you. The orc hits you but does no damage.
The adder bites you.
* * * LOW HITPOINT WARNING * * *
The orc closely misses you. The adder closely misses you.
The orc barely misses you. x2
The adder bites you.
* * * LOW HITPOINT WARNING * * *
The orc misses you. The adder closely misses you. The orc hits you.
* * * LOW HITPOINT WARNING * * *
The adder bites you.
* * * LOW HITPOINT WARNING * * *
The orc closely misses you. The orc misses you. The adder bites you.
* * * LOW HITPOINT WARNING * * *
You are lethally poisoned!
The adder poisons you! The orc hits you but does no damage. The orc hits you.
You die...

#.. .#
#.. .#
#... .#
... .#
... .# #
#.# .#.#
#..#S..#
#.@oo.#
###o(..#
(......
...(((.
.#.####
.#.# .#
. .# ..


You could see an orc priest, an adder and 2 orcs.

Vanquished Creatures
  6 adders
  A worm (D:2)
  4 dart slugs
  A leopard gecko (D:1)
  2 orcs (D:5)
  2 giant cockroaches
  3 goblins
  4 hobgoblins
  4 jackals
  A quokka (D:3)
  8 bats
  2 frilled lizards (D:2)
  2 kobolds
  4 rats
44 creatures vanquished.

Notes
Turn   | Place    | Note
-------+----------+-------------------------------------------
     0 | Abyss:1  | PentaManta the Halfling Abyssal Knight began the quest for
                  | the Orb.
     0 | Abyss:1  | Reached XP level 1. HP: 15/15 MP: 2/2
   102 | Abyss:1  | Noticed a lich
   123 | D:1      | Escaped the Abyss
   393 | D:1      | Reached XP level 2. HP: 15/20 MP: 3/3
   646 | D:1      | Reached skill level 3 in Axes
   694 | D:1      | Reached * piety under Lugonu
  1030 | D:1      | Reached XP level 3. HP: 23/25 MP: 4/4
  1344 | D:1      | Found a sparkling altar of Nemelex Xobeh.
  1529 | D:2      | Reached skill level 1 in Slings
  1638 | D:2      | Reached XP level 4. HP: 18/30 MP: 5/5
  2081 | D:2      | Found a snail-covered altar of Cheibriados.
  2842 | D:3      | Reached skill level 4 in Axes
  3153 | D:3      | Reached XP level 5. HP: 35/35 MP: 6/6
  3158 | D:3      | You fall into a shaft and drop 2 floors!
  3158 | D:5      | Entered Level 5 of the Dungeon
  3178 | D:5      | HP: 1/35 [adder (3)]
  3178 | D:5      | Slain by an orc

Illustrated notes

Levels and vault maps discovered:
D:1:      wander_arrival_chamber, layout_basic, minivault_4,
          nemelex_diamond_rough_becter
D:2:      layout_loops_ring, old_standard_altar
D:3:      layout_basic, general_overflow_altar, xom_teletrap_fun,
          lemuel_blue_sif_altar
D:5:      layout_rooms, grunt_dithmenos_smoke_and_mirrors,
          minmay_temple_entry_wispy

Skill      XL: |  1  2  3  4 |
---------------+-------------+-----
Axes           | 3 4 |  4.1
Slings         | 1 3 |  3.5
Fighting       | |  2.6
Armour         | |  2.1
Dodging        | |  1.1
Invocations    | |  2.0

Action                   |  1- 3 |  4- 6 || total
-------------------------+-------+-------++-------
Melee: Hand axe          |    59 |       ||    59
 Fire: Hunting sling     |    20 |   115 ||   135
Invok: Depart the Abyss  |     1 |       ||     1
  Use: Scroll            |     1 |       ||     1
Armor: Leather armour    |    25 |    19 ||    44
Dodge: Dodged            |    78 |    65 ||   143

Table legend: (Time is in decaauts)
 A = Elapsed time spent in this place.
 B = Non-inter-level travel time spent in this place.
 C = Inter-level travel time spent in this place.
 D = Time resting spent in this place.
 E = Time spent auto-exploring this place.
 F = Levels seen in this place.
 G = Mean time per level.
                   A        B        C        D        E       F      G
               +--------+--------+--------+--------+--------+-----+--------+
         Total |   3197 |   3115 |     82 |     14 |   2686 |   5 |  639.4 |
       Dungeon |   3074 |   2992 |     82 |      0 |   2588 |   4 |  768.5 |
         Abyss |    123 |    123 |      0 |     14 |     98 |   1 |  123.0 |
               +--------+--------+--------+--------+--------+-----+--------+

Top non-repeatable levels by time:
     D:1: 1333 daAuts
     D:2: 1322 daAuts
     D:3: 398 daAuts
 Abyss:1: 123 daAuts
     D:5: 20 daAuts
